 Dungeon Crawl Stone Soup version 0.17-a0-1394-gde347b4 (webtiles) character file.

79 zeke the Firebug (level 4, -1/33 HPs)
             Began as a Draconian Fire Elementalist on June 17, 2015.
             Slain by an orc wizard
             ... wielding a +0 dagger
              (6 damage)
             ... on level 3 of the Dungeon.
             The game lasted 00:12:26 (1695 turns).

zeke the Firebug (Draconian Fire Elementalist)      Turns: 1695, Time: 00:12:26

Health: -1/33      AC:  5    Str: 12    XL:     4   Next: 17%
Magic:  0/7        EV: 12    Int: 15    God:
Gold:   92         SH:  0    Dex: 11    Spells: 1 memorised, 6 levels left

rFire  . . .     SeeInvis .     p - +0 short sword
rCold  . . .     Clarity  .     (armour unavailable)
rNeg   . . .     SustAt   .     (no shield)
rPois  .         Gourm    .     (helmet restricted)
rElec  .         Spirit   .     (no cloak)
rCorr  .         Warding  .     (no gloves)
rMut   .         Stasis   .     (no boots)
MR     .....                    (no amulet)
Stlth  ++........               (no ring)
                                (no ring)

@: very slightly contaminated, slowed, very slow, not resistant to hostile
enchantments, unstealthy
A: unfitting armour, cold-blooded, AC +5
a: no special abilities


You were on level 3 of the Dungeon.
You were hungry.

You visited 1 branch of the dungeon, and saw 3 of its levels.

You collected 92 gold pieces.

Inventory:

Hand weapons
 p - a +0 short sword (weapon)
Magical devices
 f - a wand of draining (7)
 j - a wand of frost (31)
Scrolls
 c - a scroll of fog {unknown}
 e - a scroll of fear {unknown}
 h - a scroll of remove curse
 i - a scroll of enchant armour {unknown}
 n - a scroll of random uselessness {unknown}
 o - 2 scrolls of identify
Potions
 d - 4 potions of curing
 l - 2 potions of heal wounds {unknown}
 m - a potion of poison {unknown}
Books
 a - a book of Flames

   Spells                             Type                      Level
   a - Flame Tongue                   Conjuration/Fire             1
   b - Throw Flame                    Conjuration/Fire             2
   c - Conjure Flame                  Conjuration/Fire             3
   d - Inner Flame                    Hexes/Fire                   3
   e - Sticky Flame                   Conjuration/Fire             4
   f - Fireball                       Conjuration/Fire             5
Comestibles
 b - 3 bread rations
 g - a slice of pizza
 k - 4 chunks of flesh


   Skills:
 - Level 2.1 Dodging
 + Level 2.4 Stealth
 + Level 2.4 Spellcasting
 + Level 1.9 Conjurations
 + Level 3.8 Fire Magic


You had 6 spell levels left.
You knew the following spells:

 Your Spells              Type           Power        Failure   Level  Hunger
a - Flame Tongue          Conj/Fire      ##...        10%         1    #......


Dungeon Overview and Level Annotations

Branches:
Dungeon (3/15)

Altars:
Fedhas


Innate Abilities, Weirdness & Mutations

Your plain brown scales are hard (AC +5).
Your body does not fit into most forms of armour.
You are cold-blooded and may be slowed by cold attacks.


Message History

The orc wizard casts a spell at you.
You feel yourself slow down.
The orc wizard hits you but does no damage.
The orc wizard hits you with a dagger.
* * * LOW HITPOINT WARNING * * *
The orc wizard casts a spell.
The orc wizard blinks!
The orc wizard mumbles some strange words.
The orc wizard blinks!
The orc wizard mumbles some strange words.
The orc wizard blinks!
The orc wizard hits you with a dagger.
* * * LOW HITPOINT WARNING * * *
Casting: Flame Tongue
Confirm with . or Enter, or press ? or * to list all spells.
Aiming: Flame Tongue
Press: ? - help, Shift-Dir - straight line, f/p - orc wizard
Aim: an orc wizard, wielding a dagger and wearing a robe (heavily wounded, fast)
The flame tongue misses the orc wizard.
The orc wizard hits you with a dagger.
You die...

#. ## #. .. ##.##
### #.w. ..# #?.#
#.# #..# #.# #o.#
#.#
#@.######.#######
#...............##
#.#######.####....
#.# #.# #.... #.#
#.# #....
#.#######.# #....
#......>..# #.>..
########### #####


You could see a worm and an orc wizard.

Vanquished Creatures
  2 adders
  A worm (D:3)
  2 giant geckos (D:2)
  2 orcs (D:3)
  5 giant cockroaches
  9 goblins
  5 hobgoblins
  A jackal (D:1)
  4 kobolds
  2 ball pythons
  6 bats
  2 giant newts (D:2)
  2 quokkas
  8 rats
51 creatures vanquished.

Notes
Turn   | Place    | Note
--------------------------------------------------------------
     0 | D:1      | zeke the Draconian Fire Elementalist began the quest for the Orb.
     0 | D:1      | Reached XP level 1. HP: 14/14 MP: 3/3
   281 | D:1      | Reached XP level 2. HP: 18/20 MP: 1/5
   814 | D:1      | Reached XP level 3. HP: 26/26 MP: 2/6
   944 | D:2      | Found a blossoming altar of Fedhas.
  1423 | D:3      | Reached XP level 4. HP: 31/33 MP: 1/7
  1695 | D:3      | Slain by an orc wizard

Vault maps used:
D:1:      dpeg_arrival_renting, serial_park_tiny_1, minmay_bisected
D:2:      lemuel_round_altar, first_bread
D:3:      uniq_sigmund

Action                   |  1- 3 |  4- 6 || total
-------------------------+-------+-------++-------
Melee: Unarmed           |    15 |       ||    15
       Short sword       |    40 |     8 ||    48
 Cast: Flame Tongue      |    55 |    17 ||    72
  Use: Scroll            |     1 |     1 ||     2
  Eat: Chunk             |     3 |       ||     3
